 Dungeon Crawl Stone Soup version 0.28-a0-60-g54b5640690 (webtiles) character file.

Game seed: 18042651167887149572

120919 rogsnak the Devastator (level 16, -3/106 HPs)
             Began as a Demonspawn Fire Elementalist on July 28, 2021.
             Was the Champion of Vehumet.
             Slain by a ghoul (24 damage)
             ... on level 3 of the Swamp on July 31, 2021.
             The game lasted 02:22:16 (34462 turns).

rogsnak the Devastator (DsFE)                      Turns: 34462, Time: 02:22:17

Health: -3/106     AC:  4    Str: 13    XL:     16   Next: 31%
Magic:  6/34       EV: 18    Int: 28    God:    Vehumet [******]
Gold:   2755       SH:  5    Dex: 14    Spells: 9/43 levels left

rFire   + . .      SeeInvis +   w - +9 staff of Olgreb {rPois∞}
rCold   + . .      Faith    .   Y - +0 buckler
rNeg    . . .      Spirit   .   W - +1 robe {Archmagi}
rPois   ∞          Reflect  .   (no helmet)
rElec   .          Harm     .   o - scarf {rC+ rF+}
rCorr   .          Rampage  .   b - +0 pair of gloves
Will    +....      Archmagi +   (boots unavailable)
Stlth   ++........              f - amulet of magic regeneration
HPRegen 0.27/turn               M - +6 ring of intelligence
MPRegen 0.49/turn               x - ring "Sixel" {Fly Str+3 SInv}

@: flying, repel missiles
A: hooves 3, repulsion field 3, spiny 2, condensation shield
a: Renounce Religion


You were on level 3 of the Swamp.
You worshipped Vehumet.
Vehumet was exalted by your worship.
You visited 4 branches of the dungeon, and saw 26 of its levels.
You also visited: Gauntlet.

You collected 2825 gold pieces.
You spent 70 gold pieces at shops.

Inventory:

Hand Weapons
 w - the +9 staff of Olgreb (weapon) {rPois∞}
   (You found it on level 8 of the Dungeon)

   If the wielder is skilled in Evocations, they can envenom those struck by it,
   dealing poison damage which bypasses armour.
   It enhances your poison magic.
   It grants immunity to poison.
   It can be evoked to radiate toxic energy, with effectiveness depending on
   Evocations skill.
Missiles
 g - 12 curare-tipped darts
 u - 3 atropa-tipped darts
Armour
 b - a +0 pair of gloves (worn)
 o - a scarf of resistance (worn)
 V - a +1 troll leather armour
 W - a +1 robe of the Archmagi (worn)
 Y - a +0 buckler (worn)
 Z - the +4 ring mail of Lugonu's Whim {rF+ rN++ Slay+3}
   (You found it on level 12 of the Dungeon)

   Slay:      It affects your accuracy & damage with ranged weapons and melee
   (+3).
   rF:        It protects you from fire.
   rN:        It greatly protects you from negative energy.
Magical Staves
 h - a staff of fire
 L - a staff of conjuration
Jewellery
 f - an amulet of magic regeneration (around neck)
 l - the amulet "Ynusuc" {Faith rF+ rCorr}
   (You found it in a Gauntlet)

   [amulet of faith]

   It allows you to gain divine favour quickly.
   rF:        It protects you from fire.
   rCorr:     It protects you from acid and corrosion.
 m - a ring of protection from fire
 n - an amulet of guardian spirit
 s - an amulet of reflection
 x - the ring "Sixel" (right hand) {Fly Str+3 SInv}
   (You acquired it on level 6 of the Lair of Beasts)

   [ring of see invisible]

   Str:       It affects your strength (+3).
   SInv:      It lets you see invisible.
   Fly:       It grants you flight.
 y - a ring of magical power
 M - a +6 ring of intelligence (left hand)
 N - an amulet of regeneration
Wands
 a - a wand of polymorph (15)
 c - a wand of charming (9)
 e - a wand of paralysis (21)
 p - a wand of flame (50)
 r - a wand of acid (4)
 A - a wand of iceblast (36)
 S - a wand of mindburst (31)
Scrolls
 d - 10 scrolls of teleportation
 j - 5 scrolls of amnesia {unknown}
 k - 2 scrolls of fog
 t - 7 scrolls of enchant armour
 z - 3 scrolls of enchant weapon
 G - 7 scrolls of magic mapping {unknown}
 H - 2 scrolls of holy word
 I - 6 scrolls of fear {unknown}
 J - 2 scrolls of brand weapon
 P - 2 scrolls of immolation
 X - 4 scrolls of blinking
Potions
 i - 7 potions of heal wounds
 q - 4 potions of berserk rage
 v - 9 potions of curing {unknown}
 B - a potion of degeneration {unknown}
 C - 3 potions of might
 D - 7 potions of brilliance
 E - a potion of resistance {unknown}
 F - 2 potions of mutation
 K - 3 potions of ambrosia
 O - a potion of invisibility
 R - 3 potions of cancellation
 T - 5 potions of flight
 U - a potion of haste
Miscellaneous
 Q - a box of beasts


   Skills:
 + Level 4.0 Fighting
 - Level 1.0 Staves
 + Level 4.2 Armour
 + Level 6.3 Dodging
 - Level 2.0 Stealth
 + Level 3.8 Shields
 + Level 14.1 Spellcasting
 + Level 15.1 Conjurations
 * Level 6.1 Summonings
 + Level 2.1 Translocations
 + Level 12.8 Fire Magic
 + Level 3.7 Air Magic
 + Level 7.3 Earth Magic


You had 9 spell levels left.
You knew the following spells:

 Your Spells              Type           Power      Damage    Failure   Level
a - Foxfire               Conj/Fire      100%       2x1d9     0%          1
b - Sticky Flame          Conj/Fire      98%        2d11      1%          4
c - Fireball              Conj/Fire      49%        3d19      1%          5
d - Blink                 Tloc           N/A        N/A       1%          2
e - Lee's Rapid Deconstr  Erth           37%        3d19*     1%          5
f - Lightning Bolt        Conj/Air       41%        1d60      1%          5
g - Bolt of Magma         Conj/Fire/Erth 45%        4d19      1%          5
h - Spellforged Servitor  Conj/Summ      43%        N/A       8%          7

Your spell library contained the following spells:

 Spells                   Type           Power      Damage    Failure   Level
 Starburst                Conj/Fire      49%        8x6d13    1%          6
 Apportation              Tloc           94%        N/A       1%          1
 Sandblast                Erth           100%       2d20      1%          1
 Summon Small Mammal      Summ           100%       N/A       1%          1
 Corpse Rot               Necr/Air       N/A        N/A       1%          2
 Passwall                 Tmut/Erth      47%        N/A       1%          2
 Conjure Flame            Conj/Fire      98%        6-21      1%          3
 Dazzling Flash           Conj/Hex       100%       N/A       1%          3
 Inner Flame              Hex/Fire       70%        N/A       1%          3
 Animate Skeleton         Necr           58%        N/A       2%          1
 Corona                   Hex            32%        N/A       2%          1
 Lesser Beckoning         Tloc           23%        N/A       3%          3
 Ozocubu's Armour         Ice            29%        N/A       8%          3
 Tukima's Dance           Hex            29%        N/A       8%          3
 Summon Ice Beast         Ice/Summ       53%        N/A       8%          4
 Passage of Golubria      Tloc           N/A        N/A       11%         4
 Yara's Violent Unravell  Hex/Tmut       14%        3d7       19%         5
 Summon Mana Viper        Hex/Summ       53%        N/A       21%         5
 Cause Fear               Hex            14%        N/A       26%         4
 Dispel Undead            Necr           29%        3d13      26%         4
 Manifold Assault         Tloc           47%        N/A       30%         5
 Silence                  Hex/Air        22%        N/A       34%         5
 Agony                    Necr           29%        N/A       58%         5
 Metabolic Englaciation   Hex/Ice        14%        N/A       58%         5
 Monstrous Menagerie      Summ           34%        N/A       87%         7
 Fire Storm               Conj/Fire      49%        8d12      88%         9
 Death Channel            Necr           14%        N/A       99%         6
 Simulacrum               Ice/Necr       14%        N/A       99%         6
 Malign Gateway           Summ/Tloc      29%        N/A       99%         7
 Discord                  Hex            14%        N/A       100%        8
 Summon Horrible Things   Summ           34%        N/A       100%        8
 Chain Lightning          Conj/Air       41%        3d55      100%        9


Dungeon Overview and Level Annotations

Branches:
Dungeon (15/15)            Temple (0/1) D:5            Lair (6/6) D:10
  Swamp (3/4) Lair:2       Spider (0/4) Lair:4        Slime (0/5) Lair:6
    Orc (2/2) D:11            Elf (0/3) Orc:2        Vaults (0/5) D:14
 Depths (0/5) D:15        Gauntlet (visited)

Altars:
Fedhas
Kikubaaqudgha
Makhleb
Nemelex Xobeh
Qazlal
Sif Muna
Trog
Vehumet
Xom
Yredelemnul
Zin
The Shining One
Jiyva

Shops:
D:1 *([   D:4 *   D:10 !   Orc:1 =   Orc:2 *[[*[

Annotations:
D:7 2 transporters, Nausicaa's ghost, weakling VSDe
D:8 1 runed translucent door
D:11 3 runed translucent doors, Dittersdorf's ghost, novice GrFi; Sin92's ghost, journeyman DsFi


Innate Abilities, Weirdness & Mutations

You have hooves in place of feet.
You are surrounded by a strong repulsion field. (EV +4, RMsl)
You are mostly covered in sharp spines.
A meltable shield of frost defends you. (SH +0)


Message History

Unknown command.
Aiming: Corrosive Bolt
Press: ? - help, Shift-Dir - straight line, f/p - bog body
Aim: a bog body (steam, water, lightly damaged, 75% to hit)
The bolt of acid hits the bog body.
The bog body is splashed with acid.
The acid corrodes the bog body!
The bog body is moderately damaged.
You block the bog body's attack.
Okay, then.
Okay, then.
Okay, then.
Okay, then.
Press: ? - help, v - describe, . - travel
Here: a bog body (steam, water, moderately damaged, covered in acid) Some deep water.
Unknown command.
Aiming: Corrosive Bolt
Press: ? - help, Shift-Dir - straight line, f/p - bog body
Aim: a bog body (steam, water, moderately damaged, covered in acid, 75% to hit)
The bolt of acid hits the bog body!
The bog body is splashed with acid.
The bog body seems to be corroded for longer.
The bog body is severely damaged.
The bog body is struck by your spines. The bog body touches you.
The bog body freezes you! You resist.
* * * LOW HITPOINT WARNING * * *
Unknown command.
Aiming: Iceblast
Press: ? - help, Shift-Dir - straight line, p - bog body That beam is likely to hit you.
Continue anyway?
Okay, then.
Aiming: Iceblast
Press: ? - help, Shift-Dir - straight line The mass of ice explodes!
The iceblast engulfs the bog body.
The bog body partially resists.
You destroy the bog body!
Vehumet accepts your kill.
You feel your power returning.
You hear a shout!
You block the ghoul's attack. The ghoul claws you!!
You die...

...≈≈≈♣♣♣ ♣.♣
♣..≈≈..≈♣♣ ♣...
♣.....≈/♣♣♣ ....
♣≈...≈≈≈.≈♣♣...♣
♣.≈≈≈≈≈≈≈.♣.≈.≈.
♣♣♣♣♣.≈≈§§≈[.<..≈§..
♣♣≈♣♣.≈≈≈≈≈.†≈.÷.≈≈.≈
♣♣≈≈§☼♣≈≈≈..≈§≈.≈≈≈≈≈≈
♣≈♣≈§@nn≈≈.≈..†≈≈≈≈≈≈.
♣♣≈≈≈≈≈≈†.[.≈.≈≈≈..≈..
♣≈≈≈♣≈≈[≈≈†§..≈≈≈≈≈≈≈
♣♣≈♣♣≈.≈≈§≈§...)≈≈≈≈≈
♣♣♣♣♣♣≈≈≈§≈≈≈.♣..≈≈≈≈≈
♣≈≈≈.≈[≈≈≈≈≈..≈:≈≈≈≈≈≈
♣..≈♣♣.≈§≈≈..§.≈≈.≈...
♣♣.≈≈.≈.....♣≈..♣≈
♣... ♣..≈≈≈.......≈≈≈♣
♣..≈


You could see a ghoul and a necrophage.

Vanquished Creatures
  Jorgrun (Orc:2)
  Frances (Swamp:1)
  Agnes (D:14)
  A fenstrider witch (Swamp:3)
  An ironbound preserver (D:14)
  A ghoul (Swamp:2)
  Louise (D:14)
  A reaper (Gauntlet)
  Azrael (D:15)
  A minotaur (Gauntlet)
  A dire elephant (D:15)
  4 bunyips
  2 eleionomae (Swamp:2)
  Josephine (D:10)
  9 hydras
  8 death yaks (Lair:6)
  5 alligators
  4 catoblepae (Lair:6)
  5 two-headed ogres
  5 centaur warriors
  A tengu warrior (D:15)
  Sonja (Lair:4)
  2 goliath frogs (Swamp:3)
  A death drake (Swamp:2)
  2 swamp dragons
  3 bog bodies
  2 spriggan druids
  Pikel (D:4)
  An orange crystal statue (Gauntlet)
  4 orc knights
  An oklob plant (Orc:2)
  An orb spider (Lair:4)
  16 ugly things
  4 manticores
  A worldbinder (Gauntlet)
  5 cyclopes
  A salamander (D:15)
  5 elephants (Lair:6)
  Maurice (D:12)
  5 will-o-the-wisps
  Joseph (D:10)
  9 black mambas
  15 cane toads
  A gargoyle (D:12)
  2 rime drakes
  A kobold demonologist (D:13)
  A yaktaur (D:15)
  8 komodo dragons
  A hellwing (Gauntlet)
  An ice devil (Gauntlet)
  5 trolls
  A bloated husk (Swamp:2)
  A polar bear (Lair:4)
  6 tyrant leeches
  2 hornets
  8 blink frogs (Lair:6)
  8 slime creatures
  3 centaur simulacra (Gauntlet)
  Sigmund (D:3)
  10 wyverns
  A shadow (D:11)
  A vampire (D:13)
  58 yaks
  Eustachio (D:4)
  2 redbacks (D:8)
  4 spriggans
  Grum (D:10)
  A human (shapeshifter) (D:14)
  8 wraiths
  2 yaks (shapeshifter)
  6 basilisks
  2 fire elementals
  25 vampire mosquitoes
  A steam dragon (D:9)
  2 wargs
  6 swamp worms
  4 hell hounds (D:15)
  17 water moccasins
  2 acid dragons
  A meliai simulacrum (Gauntlet)
  42 orc warriors
  6 swamp drakes
  A sky beast (D:3)
  2 black bears
  5 boggarts
  16 wolves
  23 centaurs
  9 ogres
  2 kobold brigands
  7 bullfrogs
  5 gnoll sergeants (D:11)
  11 scorpions
  A wyvern zombie (D:5)
  A wyvern skeleton (D:7)
  2 hornet simulacra
  A water moccasin skeleton (D:5)
  8 killer bees (D:8)
  9 wights
  4 electric eels
  A howler monkey (D:6)
  7 centaur zombies
  A hound (D:4)
  4 jellies
  15 orc priests
  Natasha (thrice) (D:2)
  2 bullfrog skeletons
  19 orc wizards
  A centaur skeleton (D:7)
  Terence (D:3)
  2 iguanas (D:5)
  5 adders
  11 gnolls
  10 river rats (D:8)
  A shadow imp (D:8)
  4 white imps
  An ufetubus (D:6)
  2 adder skeletons
  3 worms
  A dart slug (D:1)
  81 orcs
  3 bats
  6 endoplasms
  A giant cockroach (D:1)
  6 goblins
  3 hobgoblins
  4 jackals (D:1)
  9 quokkas
  7 ball pythons
  3 frilled lizards
  11 kobolds
  22 rats
  A bush (Lair:1)
  A foxfire (D:14)
749 creatures vanquished.

Vanquished Creatures (collateral kills)
  18 foxfires
18 creatures vanquished.

Vanquished Creatures (others)
  A vampire mosquito (Swamp:2)
  An orc wizard (Orc:2)
  1703 foxfires
  15 fungi
  38 plants
  6 withered plants (D:11)
1764 creatures vanquished.

Grand Total: 2531 creatures vanquished

Notes
Turn   | Place    | Note
-------+----------+-------------------------------------------
     0 | D:1      | rogsnak the Demonspawn Fire Elementalist began the quest
                  | for the Orb.
     0 | D:1      | Reached XP level 1. HP: 13/13 MP: 3/3
    29 | D:1      | Found Seotzuo's Armour Emporium.
    63 | D:1      | Found Midytarr's Antique Weapon Emporium.
   296 | D:1      | Gained mutation: A meltable shield of frost defends you.
                  | (SH +0) [demonic ancestry]
   296 | D:1      | Reached XP level 2. HP: 15/19 MP: 1/5
   355 | D:1      | Found Plog's General Store.
   811 | D:1      | Found a faded altar of an unknown god.
   870 | D:2      | Reached XP level 3. HP: 16/24 MP: 0/6
  1254 | D:2      | Reached skill level 2 in Conjurations
  1605 | D:2      | Gained mutation: You are surrounded by a mild repulsion
                  | field. (EV +2) [demonic ancestry]
  1605 | D:2      | Reached XP level 4. HP: 30/30 MP: 3/7
  1659 | D:2      | Noticed Natasha
  1665 | D:2      | Killed Natasha
  1899 | D:2      | Noticed Natasha
  1904 | D:2      | Killed Natasha
  1932 | D:2      | Noticed Natasha
  1945 | D:2      | Killed Natasha
  1946 | D:2      | Reached XP level 5. HP: 26/35 MP: 0/8
  2221 | D:3      | Found a radiant altar of Vehumet.
  2230 | D:3      | Became a worshipper of Vehumet
  2265 | D:3      | Noticed a sky beast
  2273 | D:3      | Killed a sky beast
  2274 | D:3      | Reached skill level 3 in Conjurations
  2281 | D:3      | Learned a level 4 spell: Sticky Flame
  2287 | D:3      | Learned a level 5 spell: Fireball
  2541 | D:3      | Noticed Sigmund
  2541 | D:3      | Noticed Terence
  2556 | D:2      | Reached XP level 6. HP: 21/41 MP: 4/10
  3474 | D:3      | Found a burning altar of Makhleb.
  3476 | D:3      | Noticed a green death
  3480 | D:3      | Noticed a ynoxinul
  3480 | D:3      | Noticed a hellwing
  3511 | D:3      | Killed Sigmund
  3512 | D:3      | Reached skill level 4 in Conjurations
  3763 | D:3      | Found a bloodstained altar of Trog.
  3776 | D:3      | Killed Terence
  3968 | D:4      | Gained mutation: You are surrounded by a moderate repulsion
                  | field. (EV +3) [demonic ancestry]
  3968 | D:4      | Reached XP level 7. HP: 46/46 MP: 6/12
  4245 | D:4      | Noticed Pikel
  4271 | D:4      | HP: 1/46 [Pikel/iceblast (13)]
  4626 | D:4      | Found Kygisus's General Store.
  4870 | D:4      | Killed Pikel
  4871 | D:4      | Reached skill level 5 in Conjurations
  4871 | D:4      | Reached skill level 5 in Fire Magic
  4871 | D:4      | Gained mutation: You are surrounded by a strong repulsion
                  | field. (EV +4, RMsl) [demonic ancestry]
  4871 | D:4      | Reached XP level 8. HP: 29/53 MP: 5/15
  4905 | D:4      | Reached * piety under Vehumet
  4905 | D:4      | Offered knowledge of Freeze by Vehumet.
  5029 | D:4      | Reached skill level 5 in Spellcasting
  5294 | D:5      | Entered Level 5 of the Dungeon
  5294 | D:5      | Found a staircase to the Ecumenical Temple.
  5323 | D:5      | Reached skill level 6 in Conjurations
  5510 | D:4      | Noticed Eustachio
  5536 | D:4      | Killed Eustachio
  5537 | D:4      | Reached skill level 1 in Fighting
  5687 | D:5      | Learned a level 2 spell: Blink
  5693 | D:5      | Learned a level 5 spell: Lee's Rapid Deconstruction
  6227 | D:4      | Reached skill level 7 in Conjurations
  6318 | D:5      | Gained mutation: You have large cloven feet. [demonic
                  | ancestry]
  6318 | D:5      | Reached XP level 9. HP: 59/59 MP: 10/17
  6332 | D:4      | Reached skill level 1 in Shields
  6870 | D:6      | Found a shimmering altar of Xom.
  6871 | D:6      | Noticed an angel
  7354 | D:6      | Found a sparkling altar of Nemelex Xobeh.
  7848 | D:6      | Reached skill level 8 in Conjurations
  7893 | D:7      | Reached ** piety under Vehumet
  7893 | D:7      | Offered knowledge of Static Discharge by Vehumet.
  7924 | D:7      | Noticed a gargoyle
  7925 | D:7      | Noticed a deep elf pyromancer
  7925 | D:7      | Noticed Nausicaa's ghost (weakling VSDe)
  7929 | D:7      | Found a transporter.
  8551 | D:7      | Found a transporter.
  9499 | D:8      | Found a blossoming altar of Fedhas.
  9600 | D:8      | Reached skill level 1 in Translocations
  9634 | D:8      | Reached XP level 10. HP: 47/67 MP: 10/20
  9714 | D:8      | Found a stormy altar of Qazlal.
 10000 | D:8      | Offered knowledge of Searing Ray by Vehumet.
 10084 | D:8      | Reached *** piety under Vehumet
 10313 | D:8      | Found a runed translucent door.
 10315 | D:8      | Found a runed translucent gate.
 10316 | D:8      | Found a runed translucent gate.
 10324 | D:8      | Found a runed translucent door.
 10326 | D:8      | Found the +9 staff of Olgreb {rPois∞}
 10389 | D:8      | Found a runed translucent gate.
 10788 | D:9      | Reached skill level 9 in Conjurations
 10972 | D:9      | Offered knowledge of Ignite Poison by Vehumet.
 11190 | D:9      | Reached skill level 1 in Earth Magic
 11420 | D:9      | Reached skill level 1 in Staves
 11509 | D:9      | Reached skill level 1 in Armour
 11939 | D:10     | Entered Level 10 of the Dungeon
 11939 | D:10     | Noticed Joseph
 12056 | D:10     | Killed Joseph
 12127 | D:10     | Gained mutation: You are partially covered in sharp spines.
                  | [demonic ancestry]
 12127 | D:10     | Reached XP level 11. HP: 73/73 MP: 23/23
 12348 | D:10     | Found Tosk's Distillery.
 12357 | D:10     | Bought a potion of heal wounds for 70 gold pieces
 12413 | D:10     | Noticed Josephine
 12450 | D:10     | Reached skill level 10 in Conjurations
 12615 | D:10     | Noticed Grum
 12627 | D:10     | Killed Grum
 12627 | D:10     | Reached **** piety under Vehumet
 12701 | D:10     | Found an ancient bone altar of Kikubaaqudgha.
 12830 | D:10     | Killed Josephine
 13307 | D:10     | Offered knowledge of Irradiate by Vehumet.
 13397 | D:10     | Found a staircase to the Lair.
 13744 | D:11     | Found a runed translucent gate.
 13744 | D:11     | Found a runed translucent gate.
 13744 | D:11     | Found a runed translucent gate.
 13746 | D:11     | Noticed Sin92's ghost (journeyman DsFi)
 13747 | D:11     | Noticed Dittersdorf's ghost (novice GrFi)
 14102 | D:11     | Found a staircase to the Orcish Mines.
 14132 | D:11     | Reached skill level 5 in Earth Magic
 14272 | D:11     | Reached ***** piety under Vehumet
 14812 | D:12     | Found a basalt altar of Yredelemnul.
 14852 | D:12     | Noticed a two-headed ogre
 14865 | D:12     | Killed a two-headed ogre
 14866 | D:12     | Gained mutation: You have hoof-like feet. [demonic
                  | ancestry]
 14866 | D:12     | Reached XP level 12. HP: 81/81 MP: 25/25
 14868 | D:12     | Upgraded the game from 0.28-a0-32-g8dfe7f97f6 to
                  | 0.28-a0-48-gfd831c5874
 15105 | D:12     | Noticed a four-headed hydra
 15106 | D:12     | Noticed a two-headed ogre
 15159 | D:12     | Identified the +4 ring mail of Lugonu's Whim {rF+ rN++
                  | Slay+3}
 15270 | D:12     | Noticed Maurice
 15272 | D:12     | Killed Maurice
 15356 | D:12     | Reached skill level 11 in Conjurations
 15490 | D:12     | Killed a two-headed ogre
 15530 | D:12     | Offered knowledge of Lightning Bolt by Vehumet.
 15537 | D:12     | Learned a level 5 spell: Lightning Bolt
 15806 | D:12     | Noticed a two-headed ogre
 15815 | D:12     | Killed a two-headed ogre
 15872 | D:12     | Killed a four-headed hydra
 15960 | D:13     | Noticed a two-headed ogre
 16045 | D:12     | Killed a two-headed ogre
 16263 | D:13     | Noticed a centaur warrior
 16265 | D:13     | Reached skill level 10 in Spellcasting
 16266 | D:13     | Killed a centaur warrior
 16267 | D:13     | Reached skill level 5 in Dodging
 16537 | D:13     | You fall into a shaft and drop 1 floor!
 16569 | D:14     | Noticed Agnes
 16572 | D:14     | Noticed a two-headed ogre
 16584 | D:14     | Noticed a centaur warrior
 16585 | D:14     | Killed a two-headed ogre
 16587 | D:14     | Noticed a centaur warrior
 16594 | D:14     | Killed a centaur warrior
 17133 | D:14     | Reached XP level 13. HP: 88/88 MP: 27/27
 17165 | D:14     | Noticed an ironbound preserver
 17194 | D:14     | Found a shimmering blue altar of Sif Muna.
 17283 | D:14     | Found a gate to the Vaults.
 17304 | D:14     | Killed an ironbound preserver
 17468 | D:14     | Noticed Louise
 17488 | D:14     | Killed Louise
 17739 | D:14     | Killed Agnes
 17873 | D:14     | Reached skill level 10 in Fire Magic
 18123 | D:14     | Reached skill level 12 in Conjurations
 18436 | D:14     | Reached skill level 1 in Air Magic
 18710 | D:15     | Entered Level 15 of the Dungeon
 18947 | D:15     | Offered knowledge of Fulminant Prism by Vehumet.
 19013 | D:15     | Noticed a dire elephant
 19097 | D:15     | Killed a dire elephant
 19785 | D:15     | Found a staircase to the Depths.
 19934 | D:15     | Noticed Azrael
 19947 | D:15     | Killed Azrael
 20731 | D:8      | Gained mutation: You have hooves in place of feet. [demonic
                  | ancestry]
 20731 | D:8      | Reached XP level 14. HP: 95/95 MP: 24/29
 21385 | Lair:1   | Entered Level 1 of the Lair of Beasts
 22064 | Lair:1   | Reached skill level 13 in Conjurations
 22475 | Lair:2   | Found a staircase to the Swamp.
 23010 | Lair:2   | Offered knowledge of Bolt of Magma by Vehumet.
 24811 | Lair:4   | Noticed Sonja
 24813 | Lair:4   | Killed Sonja
 24853 | Lair:4   | Learned a level 5 spell: Bolt of Magma
 25081 | Lair:4   | Found a hole to the Spider Nest.
 25381 | Lair:4   | Identified the +1 leather armour "Sughopre" {rN++}
 25864 | Lair:5   | Found a gate leading to a gauntlet.
 25880 | Gauntlet | Entered a Gauntlet
 25880 | Gauntlet | Found a transporter.
 25890 | Gauntlet | Found a transporter.
 25891 | Gauntlet | Found a transporter.
 25891 | Gauntlet | Found a transporter.
 25910 | Gauntlet | Found a runed translucent door.
 25926 | Gauntlet | Found a transporter.
 25927 | Gauntlet | Found a transporter.
 25931 | Gauntlet | Found a runed translucent door.
 25932 | Gauntlet | Found a transporter.
 25935 | Gauntlet | Found a runed translucent door.
 25938 | Gauntlet | Found a transporter.
 25942 | Gauntlet | Found a transporter.
 25947 | Gauntlet | Found a transporter.
 25954 | Gauntlet | Found a transporter.
 25958 | Gauntlet | Found a transporter.
 25959 | Gauntlet | Found a transporter.
 25959 | Gauntlet | Noticed a reaper
 25962 | Gauntlet | Found a transporter.
 26290 | Gauntlet | HP: 4/95 [reaper (41)]
 26293 | Gauntlet | Killed a reaper
 26332 | Gauntlet | Identified the amulet "Ynusuc" {Faith rF+ rCorr}
 27008 | Lair:6   | Entered Level 6 of the Lair of Beasts
 27338 | Lair:6   | Gained mutation: You are mostly covered in sharp spines.
                  | [demonic ancestry]
 27338 | Lair:6   | Reached XP level 15. HP: 97/100 MP: 32/32
 27594 | Lair:6   | Reached skill level 14 in Conjurations
 27905 | Lair:6   | Offered knowledge of Spellforged Servitor by Vehumet.
 27914 | Lair:6   | Learned a level 7 spell: Spellforged Servitor
 27929 | Lair:6   | Found a viscous altar of Jiyva.
 27930 | Lair:6   | Found a staircase to the Slime Pits.
 28133 | Lair:6   | Reached skill level 1 in Summonings
 28576 | Lair:6   | Identified the +4 halberd of Equilibrium {holy, Drain
                  | +Blink rC+ Stlth+}
 28588 | Lair:6   | Identified 4 scrolls of acquirement
 28590 | Lair:6   | Acquired an amulet of magic regeneration
 28653 | Lair:6   | Acquired a staff of fire
 28673 | Lair:6   | Acquired the ring "Sixel" {Fly Str+3 SInv}
 28679 | Lair:6   | Acquired 633 gold pieces
 29213 | Orc:1    | Entered Level 1 of the Orcish Mines
 29476 | Orc:1    | Found Teqopeox's Jewellery Shop.
 30040 | Orc:2    | Entered Level 2 of the Orcish Mines
 30065 | Orc:2    | Noticed Jorgrun
 30105 | Orc:2    | Found Melitumm's General Store.
 30105 | Orc:2    | Found a staircase to the Elven Halls.
 30122 | Orc:2    | Killed Jorgrun
 30201 | Orc:2    | Reached ****** piety under Vehumet
 30272 | Orc:2    | Offered knowledge of Iron Shot by Vehumet.
 31466 | Orc:2    | Found Jejinwi's Assorted Antiques.
 31466 | Orc:2    | Found Gecajiw's Armour Shop.
 31468 | Orc:2    | Found Fiurusac's Antique Armour Boutique.
 31470 | Orc:2    | Found Zuhem's Armour Emporium.
 31738 | Swamp:1  | Entered Level 1 of the Swamp
 32065 | Swamp:1  | Noticed Frances
 32368 | Swamp:1  | Killed Frances
 33118 | Swamp:1  | Upgraded the game from 0.28-a0-48-gfd831c5874 to
                  | 0.28-a0-60-g54b5640690
 33405 | Swamp:2  | Reached skill level 5 in Summonings
 33477 | Swamp:2  | Reached XP level 16. HP: 81/106 MP: 16/33
 33957 | Swamp:3  | Reached skill level 15 in Conjurations
 34409 | Swamp:3  | Identified the +2 ring mail of Zoajixi {rC+}
 34441 | Swamp:3  | Offered knowledge of Starburst by Vehumet.
 34462 | Swamp:3  | Slain by a ghoul

Illustrated notes

Levels and vault maps discovered:
D:1:      nzn_arrival_depleted_hourglass, layout_rooms, serial_shops, shop,
          shop, shop_fountains, shapermc_ecumenical_altar_pompeii,
          minmay_misc_feat_iff
D:2:      layout_loops_ring, guppyfry_early_orc_mine, uniq_natasha
D:3:      layout_rooms, trog_book, makhleb_altar_promises_db,
          mainiacjoe_overflow_tiny_flanked, uniq_terence, uniq_sigmund
D:4:      layout_rooms, serial_shops, shop, hex_medium, uniq_eustachio,
          uniq_pikel
D:5:      layout_basic, minmay_temple_entry_wispy
D:6:      layout_loops_corners, grunt_temple_overflow_order_and_chaos_1,
          nemelex_xobeh_ov_fountains_minmay
D:7:      layout_basic, marbit_many_paths, gammafunk_ghost_arena
D:8:      lemuel_ratsnest, layout_loops_cross,
          grunt_temple_overflow_forces_of_nature,
          minmay_guarded_unrand_staff_of_olgreb
D:9:      layout_irregular_city
D:10:     layout_loops_ring, mainiacjoe_overflow_surrounded_room,
          erik_lair_dragon, serial_shops, nicolae_shop_statue_plus,
          uniq_josephine, uniq_joseph, uniq_grum
D:11:     layout_loops_ring, kennysheep_orc_monster_closet_entryway,
          gammafunk_ghost_cemetery
D:12:     layout_stronghold, yredelemnul_altar_generic, uniq_maurice
D:13:     layout_irregular_city, serial_column_ruins, column_ruins_pillar_1,
          column_ruins_pillar_9, column_ruins_pillar_4, column_ruins_pillar_2,
          column_ruins_pillar_2, column_ruins_pillar_4, column_ruins_pillar_6,
          column_ruins_pillar_1, column_ruins_pillar_2, column_ruins_pillar_1,
          column_ruins_pillar_2, column_ruins_pillar_8, column_ruins_pillar_6
D:14:     layout_loops_cross, skrybe_vaults_entry_preservation,
          lemuel_blue_sif_altar, uniq_louise, uniq_agnes
D:15:     hangedman_depths_entry_try_elsewhere_first, layout_grid_maze,
          uniq_azrael
Lair:1:   layout_loops_ring, dpeg_stationary_puzzle, lemuel_fruit_fields,
          grunt_megastairs_3, lemuel_fruit_tree, lemuel_fruit_fields
Lair:2:   layout_roguey, skrybe_swamp_entry_bodies
Lair:3:   layout_regular_city, st_stairs_13, serial_bayou_shore_b,
          lemuel_fruit_fields, serial_bayou_shore_a
Lair:4:   layout_cave_pods, nicolae_spider_entry_orb_guardian, uniq_sonja
Lair:5:   layout_gridlike, gauntlet_entry_generic, grunt_megastairs_5,
          infiniplex_staircase_pool
Lair:6:   evilmike_catoblepas_cave, layout_hall_layers, slime_altar_1, pond,
          infiniplex_staircase_pool_2
Swamp:1:  layout_falls_marsh, evilmike_swamp_ruin_rubble_1, swamp_pool1,
          uniq_frances
Swamp:2:  layout_basic_swamp, nicolae_swamp_big_swirl, swamp_pool5,
          nicolae_swamp_bean_lake
Swamp:3:  layout_basic_swamp, portal_ice_cave_entry_ice_statue_one,
          hangedman_swamp_lotus, swamp_pool5
Orc:1:    layout_caves, serial_shops, shop
Orc:2:    st_orc_rangers, layout_caves, serial_shops, shop, mines3_lemuel,
          uniq_jorgrun

Skill      XL: |  1  2  3  4  5  6  7  8  9 10 11 12 13 14 15 16 |
---------------+-------------------------------------------------+-----
Fire Magic     | 3 4 5 6 7 8 9 10 11 12 | 12.8
Conjurations   | 2 3 4 5 7 8 9 10 11 12 13 14 15 | 15.1
Dodging        | 2 3 4 5 6 |  6.3
Spellcasting   | 3 4 5 7 8 9 10 11 13 14 | 14.1
Fighting       | 1 2 3 4 |  4.0
Shields        | 1 2 3 |  3.8
Stealth        | 2 |  2.0
Translocations | 1 2 |  2.1
Earth Magic    | 3 5 6 7 |  7.3
Staves         | 1 |  1.0
Armour         | 1 2 3 4 |  4.2
Air Magic      | 3 |  3.7
Summonings     | 5 6 |  6.1

Action                   |  1- 3 |  4- 6 |  7- 9 | 10-12 | 13-15 | 16-18 || total
-------------------------+-------+-------+-------+-------+-------+-------++-------
Melee: Dagger            |    17 |       |    48 |     9 |       |       ||    74
       Falchion          |     4 |     9 |       |       |       |       ||    13
       Short sword       |       |     8 |       |       |       |       ||     8
       Staff             |       |       |    15 |   159 |    32 |       ||   206
       Kick              |       |       |     6 |    41 |     7 |       ||    54
       Whip              |       |       |       |    10 |       |       ||    10
 Cast: Foxfire           |    72 |    72 |   222 |   331 |   350 |    10 ||  1057
       Sticky Flame      |       |     3 |    29 |    89 |    95 |     6 ||   222
       Fireball          |       |       |     1 |    38 |   321 |    43 ||   403
       Blink             |       |       |       |     2 |     2 |     2 ||     6
       Lightning Bolt    |       |       |       |     1 |    53 |     2 ||    56
       Lee's Rapid Decon |       |       |       |       |     2 |       ||     2
Evoke: Wand              |       |     1 |     1 |       |       |     4 ||     6
       Staff of Olgreb   |       |       |       |       |     1 |       ||     1
  Use: Scroll            |       |       |       |    12 |    12 |       ||    24
       Potion            |       |       |       |       |     4 |       ||     4
 Stab: Sleeping          |     5 |     3 |     3 |       |       |       ||    11
Armor: Robe              |     1 |       |     3 |       |     3 |     4 ||    11
       Leather armour    |       |       |       |    31 |     1 |       ||    32
       Troll leather arm |       |       |       |     4 |    15 |       ||    19
Dodge: Dodged            |    19 |    11 |    79 |   219 |   131 |    13 ||   472
       Repelled          |       |       |     1 |     2 |     7 |     1 ||    11
Block: Other             |     7 |     4 |    22 |    48 |     9 |       ||    90
       Buckler           |       |       |       |       |    51 |     9 ||    60
       Rpst.: Falchion   |     1 |     3 |       |       |       |       ||     4

Table legend: (Time is in decaauts)
 A = Elapsed time spent in this place.
 B = Non-inter-level travel time spent in this place.
 C = Inter-level travel time spent in this place.
 D = Time resting spent in this place.
 E = Time spent auto-exploring this place.
 F = Levels seen in this place.
 G = Mean time per level.
                   A        B        C        D        E       F      G
               +--------+--------+--------+--------+--------+-----+--------+
         Total |  34621 |  32275 |   2346 |   8734 |  14431 |  27 | 1282.3 |
       Dungeon |  22293 |  20566 |   1727 |   5028 |   9560 |  15 | 1486.2 |
          Lair |   7849 |   7337 |    512 |   2162 |   3739 |   6 | 1308.2 |
         Swamp |   2474 |   2462 |     12 |   1085 |    533 |   3 |  824.7 |
  Orcish Mines |   1421 |   1327 |     94 |    218 |    599 |   2 |  710.5 |
      Gauntlet |    582 |    582 |      0 |    240 |      0 |   1 |  582.0 |
               +--------+--------+--------+--------+--------+-----+--------+

Top non-repeatable levels by time:
     D:2: 2183 daAuts
    D:10: 2113 daAuts
     D:8: 1997 daAuts
  Lair:6: 1988 daAuts
    D:14: 1951 daAuts
     D:7: 1628 daAuts
    D:11: 1580 daAuts
    D:15: 1547 daAuts
  Lair:2: 1411 daAuts
     D:5: 1356 daAuts
 Swamp:1: 1294 daAuts
     D:4: 1292 daAuts
     D:3: 1292 daAuts
     D:9: 1258 daAuts
    D:12: 1220 daAuts
